 Dungeon Crawl Stone Soup version 0.29-a0-1027-gcd8c55af63 (webtiles) character file.

Game seed: 18076502387470096852

32508 Plasmagod the Severer (level 13, -12/115 HPs)
             Began as a Minotaur Fighter on Aug 13, 2022.
             Was a High Priest of Hepliaklqana.
             Killed from afar by a quicksilver dragon (22 damage)
             ... with a bolt of dispelling energy
             ... on level 1 of the Abyss.
             The game lasted 00:43:52 (16767 turns).

Plasmagod the Severer (Minotaur Fighter)           Turns: 16767, Time: 00:43:52

Health: -12/115    AC: 19    Str: 25    XL:     13   Next: 31%
Magic:  12/12      EV: 18    Int:  5    God:    Hepliaklqana [*****.]
Gold:   971        SH:  8    Dex: 17    Spells: 12/12 levels left

rFire   . . .      SeeInvis .   a - +9 war axe (freeze)
rCold   . . .      Faith    .   c - +1 buckler
rNeg    + . .      Spirit   .   M - +0 pearl dragon scales
rPois   .          Reflect  .   (helmet restricted)
rElec   .          Harm     .   t - +0 cloak
rCorr   .          Rampage  .   A - +2 pair of gloves
Will    .....                   (no boots)
Stlth   ..........              (no amulet)
HPRegen 0.29/turn               k - +4 ring of evasion
MPRegen 0.13/turn               C - +6 ring of dexterity

@: no status effects
A: reduced essence, horns 2, retaliatory headbutt
a: Renounce Religion, Recall Ancestor, Ancestor Identity, Transference, Idealise


You were on level 1 of the Abyss.
You worshipped Hepliaklqana.
Hepliaklqana was extremely pleased with you.
You visited 2 branches of the dungeon, and saw 16 of its levels.
You visited the Abyss 1 time.
You also visited: Sewer.

You collected 971 gold pieces.

Inventory:

Hand Weapons
 a - a +9 war axe of freezing (weapon)
 j - the +8 mace "Ciuptaza" {venom, rPois Will- Int+6 Dex+3}
   (You found it on level 2 of the Dungeon)

   It poisons the flesh of those it strikes.
   Int:       It affects your intelligence (+6).
   Dex:       It affects your dexterity (+3).
   rPois:     It protects you from poison.
   Will:      It decreases your willpower.
Armour
 c - a +1 buckler (worn)
 t - a +0 cloak (worn)
 A - a +2 pair of gloves (worn)
 G - a +0 ring mail of willpower
 M - +0 pearl dragon scales (worn)
Jewellery
 k - a +4 ring of evasion (left hand)
 y - a ring of protection from cold
 C - a +6 ring of dexterity (right hand)
 F - a ring of resist corrosion
Wands
 v - a wand of flame (33)
 x - a wand of charming (4)
 z - a wand of roots (32)
Scrolls
 e - 5 scrolls of identify
 f - 8 scrolls of teleportation
 g - 4 scrolls of butterflies
 h - a scroll of amnesia
 i - a scroll of enchant armour
 m - 3 scrolls of fear
 o - 4 scrolls of blinking
 I - 2 scrolls of enchant weapon
 N - a scroll of magic mapping
Potions
 d - a potion of might
 l - a potion of flight
 n - a potion of ambrosia
 q - 2 potions of cancellation
 r - 2 potions of haste
 s - 3 potions of lignification
 u - 2 potions of berserk rage
 w - 11 potions of curing
 B - 3 potions of brilliance
 D - 2 potions of invisibility
 E - 2 potions of attraction
 H - 3 potions of heal wounds
 J - a potion of mutation
 K - 2 potions of magic
 L - a potion of resistance {unknown}
Miscellaneous
 b - a phial of floods
 p - a condenser vane


   Skills:
 - Level 16.0 Fighting
 - Level 16.0 Axes
 - Level 10.0 Armour
 + Level 8.6 Dodging
 - Level 10.0 Shields


You had 12 spell levels left.
You didn't know any spells.
Your spell library contained the following spells:

 Spells                   Type           Power      Damage    Failure   Level
 Apportation              Tloc           0%         N/A       83%         1
 Freeze                   Ice            0%         1d3       83%         1
 Necrotise                Necr           0%         1d4       83%         1
 Slow                     Hex            0%         N/A       83%         1
 Summon Small Mammal      Summ           0%         N/A       83%         1
 Ensorcelled Hibernation  Hex/Ice        0%         N/A       93%         2
 Static Discharge         Conj/Air       0%         3-3/arc   93%         2
 Sublimation of Blood     Necr           0%         N/A       93%         2
 Confusing Touch          Hex            0%         N/A       99%         3
 Frozen Ramparts          Ice            0%         1d1       99%         3
 Ozocubu's Armour         Ice            0%         N/A       99%         3
 Spider Form              Tmut/Pois      0%         N/A       99%         3
 Vampiric Draining        Necr           0%         2d6       99%         3
 Anguish                  Hex/Necr       0%         N/A       100%        4
 Animate Dead             Necr           0%         N/A       100%        4
 Dispel Undead            Necr           0%         3d6       100%        4
 Fulminant Prism          Conj/Hex       0%         3d6       100%        4
 Hailstorm                Conj/Ice       0%         3d3       100%        4
 Ice Form                 Ice/Tmut       0%         N/A       100%        4
 Iskenderun's Mystic Bla  Conj/Tloc      0%         2d3       100%        4
 Petrify                  Tmut/Erth      0%         N/A       100%        4
 Sticky Flame             Conj/Fire      0%         2d3       100%        4
 Fireball                 Conj/Fire      0%         3d3       100%        5
 Irradiate                Conj/Tmut      0%         3d11      100%        5
 Lee's Rapid Deconstruct  Erth           0%         3d5*      100%        5
 Simulacrum               Ice/Necr       0%         N/A       100%        6
 Starburst                Conj/Fire      0%         6d3       100%        6
 Haunt                    Necr/Summ      0%         N/A       100%        7
 Malign Gateway           Summ/Tloc      0%         N/A       100%        7
 Ozocubu's Refrigeration  Ice            0%         4d7       100%        7
 Ignition                 Fire           0%         3d3       100%        8
 Infestation              Necr           0%         N/A       100%        8
 Summon Horrible Things   Summ           0%         N/A       100%        8


Dungeon Overview and Level Annotations

Branches:
Dungeon (12/15)            Temple (0/1) D:7            Lair (4/5) D:9
 Shoals (0/4) Lair:2       Spider (0/4) Lair:2          Orc (0/2) D:10
  Sewer (visited)
  Slime: Lair:4-5

Altars:
Ashenzari
Dithmenos
Elyvilon
Hepliaklqana
Makhleb
Nemelex Xobeh
Ru
Sif Muna
Uskayaw
Xom
Yredelemnul

Shops:
D:12 ?

Annotations:
D:8 1 runed translucent door, fly's ghost, novice FoDe
Lair:1 exclusion: 4 oklob plants
Lair:4 Sonja


Innate Abilities, Weirdness & Mutations

Your life essence is reduced to manifest your ancestor. (-10% HP)
You have a pair of horns on your head.
You reflexively headbutt those who attack you in melee.


Message History

The quicksilver dragon breathes dispelling energy at you.
The bolt of dispelling energy hits you!!!
Your magical effects are unravelling.
* * * LOW HITPOINT WARNING * * *
You feel your health improve.
The quicksilver dragon breathes dispelling energy at you.
The bolt of dispelling energy hits you!!
* * * LOW HITPOINT WARNING * * *
A shadow imp comes into view.
A white imp comes into view.
The white imp shouts!
The shadow imp shouts, "Away with thee, thou qualling ill-nurtured buzzard-bait!"
The white imp gestures at you. The puff of frost hits you.
* * * LOW HITPOINT WARNING * * *
You feel much better.
The quicksilver dragon attacks as you move away!
The quicksilver dragon bites you!
* * * LOW HITPOINT WARNING * * *
The quicksilver dragon claws you!
* * * LOW HITPOINT WARNING * * *
A starcursed mass comes into view.
The white imp barely misses you.
A large abomination comes into view.
Found a gateway leading deeper into the Abyss.
The starcursed mass touches you but does no damage.
The starcursed mass shrieks in your mind.
* * * LOW HITPOINT WARNING * * *
The quicksilver dragon attacks as you move away!
The quicksilver dragon closely misses you.
The quicksilver dragon barely misses you.
You block the starcursed mass's attack.
The quicksilver dragon bites you but does no damage.
The quicksilver dragon claws you.
* * * LOW HITPOINT WARNING * * *
The starcursed mass attacks as you move away!
You block the starcursed mass's attack.
A starcursed mass splits.
The quicksilver dragon breathes dispelling energy at you.
The bolt of dispelling energy hits you!!
You die...

#.##....# #..#.
. #####......
#. #.#.##.#.###
###.D...# .#
#..#..#.# #
#...#.# .# #.
###.55###..#
#...#.X.D#.#..#
....>.XX#@...#.
.#.#.....#..##
#. ##.##.#.#..#
# #. #...# .#
#. ##..# # ..
.#. # #.#. .#.#
#. .


You could see a bone dragon, a starcursed mass, a quicksilver dragon (catching
breath), a white imp and a shadow imp.

Vanquished Creatures
  Nessos (D:12)
  Snorg (D:12)
  A great orb of eyes (Abyss:1)
  Erolcha (D:12)
  A two-headed ogre (D:7)
  3 centaur warriors
  2 large abominations (Abyss:1)
  An ugly thing (D:12)
  A manticore (D:12)
  11 cane toads
  2 gargoyles
  A yaktaur (shapeshifter) (D:9)
  An ancient zyme (Abyss:1)
  3 komodo dragons
  A tormentor (Abyss:1)
  2 trolls (D:9)
  A polar bear (Lair:3)
  2 slime creatures (D:12)
  Prince Ribbit (D:8)
  A hornet (D:9)
  4 blink frogs (Lair:2)
  A jumping spider (Lair:2)
  Sigmund (D:4)
  A ynoxinul (Abyss:1)
  18 yaks
  3 wyverns
  A wraith (D:11)
  A vampire (D:10)
  A basilisk (D:9)
  The ghost of megamayne420 the Chopper, an amateur HOAK of Lugonu (D:6)
  4 steam dragons
  A chaos spawn (Abyss:1)
  The ghost of Solarlight the Agent of Entropy, an amateur DsFi of Lugonu (D:6)
  8 vampire mosquitoes (D:12)
  7 water moccasins
  4 acid dragons
  A sky beast (D:4)
  5 orc warriors
  A black bear (D:7)
  4 ogres
  2 centaurs
  17 wolves
  2 phantoms (D:4)
  3 kobold brigands
  14 bullfrogs
  2 gnoll sergeants (D:9)
  2 scorpions (D:5)
  21 wights
  A killer bee (D:9)
  2 howler monkeys
  An electric eel (D:10)
  3 hounds
  A quasit (D:8)
  12 orc priests
  2 jellies
  10 iguanas
  8 orc wizards
  11 adders
  14 gnolls
  2 shadow imps (D:8)
  4 white imps
  5 ufetubi
  47 orcs
  4 bats
  16 endoplasms
  13 giant cockroaches
  3 hobgoblins
  20 kobolds
  17 quokkas
  10 ball pythons
  8 frilled lizards
  2 goblins
  5 rats
390 creatures vanquished.

Vanquished Creatures (collateral kills)
  A hydra (D:8)
  3 two-headed ogres
  A cyclops (D:9)
  Joseph (D:9)
  An unseen horror (D:11)
  A komodo dragon (Lair:3)
  A troll (D:9)
  2 slime creatures
  3 yaks
  3 wolves
  An ogre (D:7)
  A wight (D:9)
  A jelly (D:6)
  An orc priest (D:10)
  3 orc wizards
  2 gnolls (D:9)
  A white imp (D:6)
  5 orcs
  A kobold (D:7)
33 creatures vanquished.

Vanquished Creatures (others)
  4 hexers
  An ancestor (D:6)
  A demonic plant (D:8)
  2 fungi (D:9)
  7 plants
  6 withered plants (D:6)
21 creatures vanquished.

Grand Total: 444 creatures vanquished

Notes
Turn   | Place    | Note
-------+----------+-------------------------------------------
     0 | D:1      | Plasmagod the Minotaur Fighter began the quest for the Orb.
     0 | D:1      | Reached XP level 1. HP: 19/19 MP: 0/0
   361 | D:1      | Reached XP level 2. HP: 23/26 MP: 1/1
   698 | D:1      | Found a faded altar of an unknown god.
  1279 | D:2      | Reached XP level 3. HP: 31/31 MP: 2/2
  1573 | D:2      | Reached skill level 5 in Axes
  1577 | D:2      | Reached XP level 4. HP: 3/39 MP: 3/3
  1580 | D:2      | Identified the +8 mace "Ciuptaza" {venom, rPois Will- Int+6
                  | Dex+3}
  2646 | D:3      | Reached XP level 5. HP: 32/45 MP: 4/4
  3170 | D:4      | Found a broken altar of Ashenzari.
  3245 | D:4      | Noticed a phantom
  3250 | D:4      | Killed a phantom
  3263 | D:4      | Reached XP level 6. HP: 51/51 MP: 5/5
  3311 | D:4      | Found a glowing drain.
  3326 | Sewer    | Entered a sewer
  3792 | Sewer    | Reached XP level 7. HP: 32/57 MP: 6/6
  4036 | D:4      | Reached skill level 10 in Axes
  4209 | D:4      | Found a faded altar of an unknown god.
  4209 | D:4      | Found a hazy altar of Hepliaklqana.
  4215 | D:4      | Found a hide-covered altar of Uskayaw.
  4219 | D:4      | Found a burning altar of Makhleb.
  4221 | D:4      | Found a shimmering altar of Xom.
  4243 | D:4      | Became a worshipper of Hepliaklqana the Forgotten
  4310 | D:4      | Noticed Sigmund
  4325 | D:4      | Killed Sigmund
  4336 | D:4      | Reached XP level 8. HP: 46/64 MP: 7/7
  4432 | D:4      | Found a sparkling altar of Nemelex Xobeh.
  4576 | D:5      | Entered Level 5 of the Dungeon
  5112 | D:5      | Reached * piety under Hepliaklqana
  5610 | D:6      | Noticed a two-headed ogre
  5739 | D:6      | Killed a two-headed ogre
  5740 | D:6      | Reached XP level 9. HP: 30/63 MP: 8/8
  6093 | D:6      | Found a runed translucent gate.
  6094 | D:6      | Found a runed translucent gate.
  6094 | D:6      | Found a runed translucent gate.
  6098 | D:6      | Noticed Solarlight's ghost (amateur DsFi)
  6098 | D:6      | Noticed megamayne420's ghost (amateur HOAK)
  6121 | D:6      | Reached skill level 15 in Axes
  6301 | D:6      | Reached ** piety under Hepliaklqana
  6306 | D:6      | Remembered your ancestor Crystal Snake as a hexer
  6551 | D:6      | Found a white marble altar of Elyvilon.
  7004 | D:7      | Reached skill level 5 in Fighting
  7189 | D:7      | Found a staircase to the Ecumenical Temple.
  7397 | D:7      | Noticed a two-headed ogre
  7403 | D:7      | Killed a two-headed ogre
  7404 | D:7      | Reached XP level 10. HP: 64/79 MP: 9/9
  7674 | D:8      | You fall into a shaft and drop 2 floors!
  7674 | D:10     | Entered Level 10 of the Dungeon
  8174 | D:9      | Found a sacrificial altar of Ru.
  8185 | D:9      | Noticed Joseph
  8194 | D:9      | Killed Joseph
  8195 | D:9      | Reached skill level 10 in Fighting
  8277 | D:9      | Found a staircase to the Lair.
  8279 | D:9      | Reached *** piety under Hepliaklqana
  8430 | D:9      | Noticed a two-headed ogre
  8435 | D:9      | Killed a two-headed ogre
  8440 | D:9      | Noticed a two-headed ogre
  8445 | D:9      | Killed a two-headed ogre
  8462 | D:9      | Noticed a centaur warrior
  8467 | D:9      | Killed a centaur warrior
  8468 | D:9      | Reached XP level 11. HP: 75/96 MP: 10/10
  8468 | D:9      | Noticed a centaur warrior
  8477 | D:9      | Killed a centaur warrior
  9278 | D:8      | Found a runed translucent door.
  9278 | D:8      | Found a shimmering altar of Xom.
  9278 | D:8      | Noticed a +2 hand axe of chaos
  9278 | D:8      | Noticed fly's ghost (novice FoDe)
  9291 | D:8      | Reached skill level 15 in Fighting
  9362 | D:8      | Noticed Prince Ribbit
  9373 | D:8      | Killed Prince Ribbit
  9744 | D:8      | Found a shimmering blue altar of Sif Muna.
  9854 | D:8      | Found a shadowy altar of Dithmenos.
  9935 | D:8      | Noticed a six-headed hydra
  9943 | D:8      | Killed a ten-headed hydra
 10112 | D:6      | Killed megamayne420's ghost
 10115 | D:6      | Killed Solarlight's ghost
 10508 | D:10     | Found a basalt altar of Yredelemnul.
 10515 | D:10     | Found a staircase to the Orcish Mines.
 10614 | D:10     | Reached skill level 5 in Armour
 11107 | D:10     | Reached **** piety under Hepliaklqana
 12014 | D:12     | Noticed Erolcha
 12054 | D:12     | Noticed Snorg
 12054 | D:12     | Noticed Nessos
 12059 | D:12     | Killed Nessos
 12060 | D:12     | Reached XP level 12. HP: 106/109 MP: 11/11
 12063 | D:12     | Killed Snorg
 12324 | D:12     | Found Baucw's Magic Scroll Boutique.
 12373 | D:12     | Noticed a centaur warrior
 12831 | D:12     | Reached skill level 10 in Armour
 13081 | D:12     | Killed a centaur warrior
 13098 | D:12     | Killed Erolcha
 13099 | D:12     | Reached skill level 5 in Shields
 13780 | Lair:1   | Entered Level 1 of the Lair of Beasts
 14438 | Lair:1   | Reached skill level 10 in Shields
 14597 | Lair:1   | Reached skill level 1 in Dodging
 14639 | Lair:1   | Paralysed by a floating eye for 2 turns
 15098 | Lair:2   | Found a hole to the Spider Nest.
 15148 | Lair:2   | Found a staircase to the Shoals.
 15318 | Lair:2   | Reached ***** piety under Hepliaklqana
 15460 | Lair:2   | Reached XP level 13. HP: 115/115 MP: 12/12
 15462 | Lair:2   | Reached skill level 5 in Dodging
 16627 | Lair:4   | Noticed Sonja
 16638 | Abyss:1  | Cast into level 1 of the Abyss (Sonja)
 16737 | Abyss:1  | Noticed a bone dragon
 16740 | Abyss:1  | Noticed a quicksilver dragon
 16762 | Abyss:1  | Noticed a starcursed mass
 16767 | Abyss:1  | Killed from afar by a quicksilver dragon

Illustrated notes

Levels and vault maps discovered:
D:1:      lightli_arrival_noodles, layout_basic, ebering_ecumenical_altar_rust
D:2:      minmay_evil_eye, layout_basic
D:3:      layout_loops_ring, kennysheep_potato
D:4:      wander_river, layout_rooms, nemelex_spade_bored_becter,
          ashenzari_conservatory_becter, chequers_temple_overflow_minitemple,
          gup_sewer_entry_pipe, grunt_decor_arrowhead, minmay_bisected,
          uniq_sigmund
D:5:      layout_basic, chequers_serial_rivers_room_b, nicolae_sextant
D:6:      layout_basic, elyvilon_altar_4, gammafunk_ghost_cemetery
D:7:      layout_basic, minmay_temple_entry_enclosed_plants
D:8:      layout_rooms, mainiacjoe_overflow_brackets,
          mainiacjoe_overflow_24_doors, serial_demonic, serial_demonic_a,
          serial_demonic_f, serial_demonic_e, serial_demonic_a,
          serial_demonic_c, serial_demonic_a, ebering_ghost_xom,
          uniq_prince_ribbit1
D:9:      layout_rooms, hangedman_ru_absence, dpeg_oklobed_lair,
          minmay_pinched_square, uniq_joseph
D:10:     layout_long_grid, kennysheep_little_box,
          minmay_orc_entry_temple_small, serial_bayou_pond_b,
          minmay_misc_feat_enclosed, chequers_serial_rivers_micro_e,
          corexii_leaking_fountain
D:11:     layout_roguey
D:12:     layout_big_octagon, gauntlet_entry_generic, serial_shops, shop,
          uniq_snorg, uniq_nessos, uniq_erolcha
Lair:1:   layout_loops_ring, disabler_island
Lair:2:   layout_regular_city, shoals_dummy_entry, spider_nest_entry_a,
          grunt_megastairs_5
Lair:3:   layout_chaotic_city
Lair:4:   layout_cave_pods, slime_entry_2, st_stairs_13, hangedman_tree_tricks,
          lemuel_fruit_tree, grunt_megastairs_2, uniq_sonja
Abyss:1:  base:
D:5

Skill      XL: |  1  2  3  4  5  6  7  8  9 10 11 12 13 |
---------------+----------------------------------------+-----
Axes           | 3 4 5 6 7 9 11 14 16 | 16.0
Fighting       | 7 13 16 | 16.0
Armour         | 7 10 | 10.0
Shields        | 10 | 10.0
Dodging        | 4 8 |  8.6

Action                   |  1- 3 |  4- 6 |  7- 9 | 10-12 | 13-15 || total
-------------------------+-------+-------+-------+-------+-------++-------
Melee: War axe           |    57 |       |    56 |   339 |    80 ||   532
       Headbutt          |    10 |    12 |    23 |    64 |    16 ||   125
       Mace              |       |   138 |   123 |       |       ||   261
Invok: Ancestor Life: He |       |       |     1 |       |       ||     1
       Ancestor Identity |       |       |     1 |       |       ||     1
       Recall Ancestor   |       |       |       |     3 |     1 ||     4
Evoke: Wand              |       |       |       |     4 |       ||     4
  Use: Scroll            |       |    12 |     8 |     8 |       ||    28
       Potion            |       |       |     1 |     2 |     1 ||     4
 Stab: Distracted        |       |       |     4 |     3 |     4 ||    11
       Confused          |       |       |     3 |     5 |     2 ||    10
Armor: Scale mail        |    22 |    37 |    41 |    67 |       ||   167
       Ring mail         |       |       |       |    15 |     1 ||    16
       Pearl dragon scal |       |       |       |       |    13 ||    13
Dodge: Dodged            |    27 |    88 |    89 |   138 |    34 ||   376
Block: Buckler           |    14 |    22 |    33 |    49 |    22 ||   140

Table legend: (Time is in decaauts)
 A = Elapsed time spent in this place.
 B = Non-inter-level travel time spent in this place.
 C = Inter-level travel time spent in this place.
 D = Time resting spent in this place.
 E = Time spent auto-exploring this place.
 F = Levels seen in this place.
 G = Mean time per level.
                   A        B        C        D        E       F      G
               +--------+--------+--------+--------+--------+-----+--------+
         Total |  16794 |  15810 |    984 |   2017 |  11260 |  18 |  933.0 |
       Dungeon |  13285 |  12403 |    882 |   1882 |   8633 |  12 | 1107.1 |
          Lair |   2822 |   2721 |    101 |    135 |   2251 |   4 |  705.5 |
         Abyss |    121 |    121 |      0 |      0 |      0 |   1 |  121.0 |
         Sewer |    565 |    565 |      0 |      0 |    376 |   1 |  565.0 |
               +--------+--------+--------+--------+--------+-----+--------+

Top non-repeatable levels by time:
     D:9: 1659 daAuts
     D:6: 1342 daAuts
     D:2: 1240 daAuts
    D:11: 1240 daAuts
  Lair:1: 1227 daAuts
    D:10: 1224 daAuts
     D:1: 1171 daAuts
     D:5: 1078 daAuts
     D:4: 984 daAuts
     D:7: 919 daAuts
    D:12: 904 daAuts
  Lair:2: 855 daAuts
     D:8: 767 daAuts
     D:3: 751 daAuts
  Lair:3: 676 daAuts
